 Dungeon Crawl Stone Soup version 0.23-a0-550-g7de1f8ee9f (webtiles) character file.

567 Flugkiller the Firebug (level 7, 0/32 HPs)
             Began as a Vine Stalker Fire Elementalist on Dec 9, 2018.
             Was a Follower of Uskayaw.
             Slain by a centaur (9 damage)
             ... on level 4 of the Dungeon.
             The game lasted 00:10:50 (5172 turns).

Flugkiller the Firebug (VSFE)                       Turns: 5172, Time: 00:10:50

Health: 0/32       AC:  0    Str: 10    XL:     7   Next: 33%
Magic:  0/15       EV: 12    Int: 26    God:    Uskayaw [*.....]
Gold:   202        SH:  0    Dex: 15    Spells: 7/15 levels left

rFire    . . .     SeeInvis .   y - +1 rapier (freeze)
rCold    . . .     Gourm    .   (no shield)
rNeg     + . .     Faith    .   a - +0 robe
rPois    .         Spirit   +   t - -3 helmet "Mitat" {*Corrode rN+ Int+9} (curse)
rElec    .         Reflect  .   (no cloak)
rCorr    .         Harm     .   (no gloves)
MR       .....                  (no boots)
Stlth    ++........             (no amulet)
HPRegen  0.50/turn              (no ring)
MPRegen  0.14/turn              (no ring)

@: starving
A: fangs 2, regeneration 1, magic shield, antimagic bite, no potion heal 3, rot
immunity
a: Stomp, Renounce Religion


You were on level 4 of the Dungeon.
You worshipped Uskayaw.
Uskayaw was noncommittal.
You were starving.

You visited 2 branches of the dungeon, and saw 5 of its levels.

You collected 202 gold pieces.

Inventory:

Hand Weapons
 x - the +4 hand axe of Prudence {freeze, +Blink +Fly rC+++ Str-4, unknown}
   (You found it on level 4 of the Dungeon)

   It has been specially enchanted to freeze those struck by it, causing extra
   injury to most foes and up to half again as much damage against particularly
   susceptible opponents.
   It can also slow down cold-blooded creatures.
   It affects your strength (-4).
   It renders you almost immune to cold.
   It lets you fly.
   It lets you blink.
 y - a +1 rapier of freezing (weapon)
   (You took it off Duvessa on level 4 of the Dungeon)
 A - a +3 dagger
   (You found it on level 4 of the Dungeon)
Armour
 a - a +0 robe (worn)
 l - a +0 buckler
   (You found it on level 2 of the Dungeon)
 t - the cursed -3 helmet "Mitat" (worn) {*Corrode rN+ Int+9}
   (You took it off Robin on level 3 of the Dungeon)

   It affects your intelligence (+9).
   It protects you from negative energy.
   It may corrode you when you take damage.
   It has a curse placed upon it.
Jewellery
 h - an uncursed ring of magical power {unknown}
   (You found it on level 1 of the Dungeon)
Wands
 i - a wand of iceblast (6)
   (You found it on level 4 of the Dungeon)
Scrolls
 b - a scroll of fog {unknown}
 g - 7 scrolls of identify {unknown}
 j - 3 scrolls of amnesia {unknown}
 k - 2 scrolls of enchant weapon {unknown}
 n - 5 scrolls of teleportation {unknown}
 q - a scroll of remove curse {unknown}
 u - 2 scrolls of noise {unknown}
 v - a scroll of enchant armour {unknown}
 B - a scroll of magic mapping {unknown}
Potions
 d - a potion of might {unknown}
 e - 4 potions of magic {unknown}
 f - a potion of experience {unknown}
 m - 2 potions of agility {unknown}
 o - a potion of lignification {unknown}
 p - a potion of brilliance {unknown}
 r - a potion of resistance {unknown}
 s - 2 potions of degeneration {unknown}
 w - a potion of ambrosia {unknown}
 z - a potion of heal wounds {unknown}
Comestibles
 c - 9 rations


   Skills:
 - Level 1.5 Dodging
 - Level 2.4 Stealth
 + Level 4.8 Spellcasting
 + Level 4.4 Conjurations
 + Level 5.2 Fire Magic


You had 7 spell levels left.
You knew the following spells:

 Your Spells              Type           Power        Failure   Level  Hunger
a - Flame Tongue          Conj/Fire      ####.        1%          1    None
c - Conjure Flame         Conj/Fire      ####....     3%          3    ##.....
d - Sticky Flame          Conj/Fire      ####....     11%         4    ####...

Your spell library contained the following spells:

 Spells                   Type           Power        Failure   Level  Hunger
 Throw Flame              Conj/Fire      ####..       1%          2    None
 Inner Flame              Hex/Fire       ###.....     8%          3    ##.....
 Fireball                 Conj/Fire      ####......   30%         5    #####..


Dungeon Overview and Level Annotations

Branches:
Dungeon (4/15)             Temple (1/1) D:4

Altars:
Ashenzari
Dithmenos
Elyvilon
Gozag
Hepliaklqana
Kikubaaqudgha
Makhleb
Nemelex Xobeh
Okawaru
Qazlal
Ru
Trog
Uskayaw
Vehumet
Wu Jian
Xom
Yredelemnul
Zin
The Shining One

Annotations:
D:4 exclusion: statue


Innate Abilities, Weirdness & Mutations

You have extremely sharp teeth.
Your natural rate of healing is unusually fast.
When hurt, damage is shared between your health and your magic reserves.
Your bite disrupts and absorbs the magic of your enemies.
Potions cannot restore your health.
You are immune to rotting.


Message History

A gnoll comes into view. It is wielding a +0 club.
A centaur comes into view.
A gnoll comes into view. It is wielding a +0 flail.
The centaur moves out of view.
Casting: Flame Tongue (safe; 1% risk of failure)
Confirm with . or Enter, or press ? or * to list all spells.
Aiming: Flame Tongue (safe; 1% risk of failure)
Press: ? - help, Shift-Dir - straight line, f - gnoll
Aim: a gnoll, wielding a +0 club The flame tongue hits the gnoll.
The gnoll is lightly wounded.
The gnoll shouts!
You puncture the gnoll! You freeze the gnoll. Your bite misses the gnoll.
The gnoll is severely wounded.
You closely miss the gnoll. You bite the gnoll, but do no damage.
The gnoll hits you with a +0 club.
You barely miss the gnoll. You bite the gnoll, but do no damage.
The gnoll hits you with a +0 club.
You puncture the gnoll! You freeze the gnoll.
The gnoll is heavily wounded.
The gnoll hits you with a +0 club!
You can now stomp with the beat.
Casting: Flame Tongue (safe; 1% risk of failure)
Confirm with . or Enter, or press ? or * to list all spells.
Aiming: Sticky Flame (safe; 11% risk of failure)
Press: ? - help, Shift-Dir - straight line, f - gnoll, p - gnoll
Aim: a gnoll, wielding a +0 club (heavily wounded)
The sticky flame hits the gnoll.
The gnoll is severely wounded.
The gnoll is covered in liquid flames!
You hear a shout!
The gnoll burns!
The gnoll closely misses you.
Unknown command.
The gnoll burns!
You kill the gnoll!
The centaur hits you!
* * * LOW HITPOINT WARNING * * *
Casting: Sticky Flame (safe; 11% risk of failure)
Confirm with . or Enter, or press ? or * to list all spells.
Aiming: Sticky Flame (safe; 11% risk of failure)
Press: ? - help, Shift-Dir - straight line, f - centaur
Aim: a centaur The sticky flame hits the centaur.
The centaur is moderately wounded.
The centaur is covered in liquid flames!
You are starving!
The centaur burns!
The centaur hits you.
* * * LOW HITPOINT WARNING * * *
The centaur hits you!
You die...

######.##.######..#
#.##.........##
#.#########...## #.##
##.....## #..##
##.......##
##...####........)###
#...(...+.........)..
##.....##.........###
########g@..###.......##
#.....g)##c## ##.....##
#.#####.##.# ##...##
#.##.# ##'## #.#... #.#
....#. #.# ..# .# ##.##
..# ## ##...######
..#########..........


You could see a centaur (burning) and 2 gnolls.

Vanquished Creatures
  Duvessa (D:4)
  An ogre (D:4)
  Dowan (D:4)
  A bullfrog skeleton (D:4)
  An iguana (D:4)
  A worker ant (D:4)
  Robin (D:3)
  7 gnolls
  6 adders
  2 oozes
  2 dart slugs
  3 worms
  4 leopard geckos
  3 orcs (D:3)
  3 ball pythons
  10 bats
  5 giant cockroaches
  16 goblins
  6 hobgoblins
  7 kobolds
  A quokka (D:2)
  2 frilled lizards
  9 rats
93 creatures vanquished.

Notes
Turn   | Place    | Note
-------+----------+-------------------------------------------
     0 | D:1      | Flugkiller the Vine Stalker Fire Elementalist began the
                  | quest for the Orb.
     0 | D:1      | Reached XP level 1. HP: 9/9 MP: 4/4
    70 | D:1      | Reached XP level 2. HP: 13/13 MP: 3/6
   565 | D:1      | Reached XP level 3. HP: 16/16 MP: 5/8
  1174 | D:2      | Gained mutation: Your natural rate of healing is unusually
                  | fast. [Vine Stalker growth]
  1174 | D:2      | Reached XP level 4. HP: 20/21 MP: 5/9
  1221 | D:2      | Learned a level 3 spell: Conjure Flame
  1811 | D:2      | Found a bloodstained altar of Trog.
  2151 | D:2      | Reached skill level 4 in Fire Magic
  2151 | D:2      | Reached XP level 5. HP: 24/24 MP: 9/11
  2492 | D:2      | Found a burning altar of Makhleb.
  2492 | D:2      | Noticed a cacodemon
  2496 | D:2      | Noticed a hellwing
  2496 | D:2      | Noticed a smoke demon
  2862 | D:3      | Learned a level 4 spell: Sticky Flame
  3182 | D:3      | Identified the cursed -3 helmet "Mitat" {*Corrode rN+
                  | Int+9}
  3182 | D:3      | Noticed Robin
  3219 | D:3      | Killed Robin
  4060 | D:4      | Reached XP level 6. HP: 28/28 MP: 4/12
  4232 | D:4      | Got an ivory hand axe
  4247 | D:4      | Noticed Duvessa
  4247 | D:4      | Noticed Dowan
  4256 | D:4      | Killed Duvessa
  4262 | D:4      | Killed Dowan
  4372 | D:4      | Reached skill level 5 in Fire Magic
  4372 | D:4      | Reached XP level 7. HP: 32/32 MP: 8/14
  4836 | D:4      | Found a staircase to the Ecumenical Temple.
  4926 | Temple   | Entered the Ecumenical Temple
  5010 | Temple   | Became a worshipper of Uskayaw the Reveler
  5140 | D:4      | Found a radiant altar of Vehumet.
  5169 | D:4      | Reached * piety under Uskayaw
  5172 | D:4      | Slain by a centaur

Vault maps used:
D:1:      dpeg_arrival_short_road, minmay_worlds_worst_comb
D:2:      makhleb_altar_promises_db, marbit_many_paths
D:3:      minmay_misc_feat_rugged, uniq_robin
D:4:      vehumet_statue, minmay_temple_entry_trees, first_ration,
          uniq_crazy_yiuf_cottage, uniq_duvessa
Temple:   compressed_dpeg_circular_temple

Skill      XL: |  1  2  3  4  5  6 |
---------------+-------------------+-----
Conjurations   | 2 3 4 |  4.4
Spellcasting   | 3 4 |  4.8
Fire Magic     | 4 5 |  5.2
Dodging        | |  1.5
Stealth        | |  2.4

Action                   |  1- 3 |  4- 6 |  7- 9 || total
-------------------------+-------+-------+-------++-------
Melee: Dagger            |    14 |    42 |       ||    56
       Bite              |       |    12 |     3 ||    15
       Rapier            |       |       |     6 ||     6
 Cast: Flame Tongue      |    57 |   134 |    13 ||   204
       Conjure Flame     |       |     7 |     1 ||     8
       Sticky Flame      |       |     4 |     2 ||     6
 Stab: Sleeping          |     1 |       |       ||     1
  Eat: Chunk             |     1 |    11 |     1 ||    13
Armor: Robe              |    11 |    15 |       ||    26
Dodge: Dodged            |    25 |    58 |     1 ||    84

Table legend:
 A = Non-vault XP
 B = Vault XP
 C = Vault XP percentage of total XP
 D = Non-vault monster count
 E = Vault monster count
 F = Vault count percentage of total count
                 A         B        C        D         E       F
            +---------+---------+-------+---------+---------+-------
      Total |     539 |     271 |  33.5 |      76 |      17 |  18.3
            +---------+---------+-------+---------+---------+-------
        D:1 |      38 |       4 |   9.5 |      17 |       2 |  10.5
        D:2 |     140 |       1 |   0.7 |      28 |       1 |   3.4
        D:3 |      56 |      37 |  39.8 |      21 |      12 |  36.4
        D:4 |     305 |     229 |  42.9 |      10 |       2 |  16.7
            +---------+---------+-------+---------+---------+-------
